1776 views
Uploaded 2023-04-04 21:16:01
Game version 1.35 (6115)
20:55 long 4on4 ladder game on (8)Ferocity_S2_v1.2
Saved by DKnight
1776 views
Uploaded 2023-04-04 21:16:01
Game version 1.35 (6115)
20:55 long 4on4 ladder game on (8)Ferocity_S2_v1.2

182 units @ 26.2k
/ 4.7k
82 buildings @ 12.4k
/ 5.7k


| Scroll of Regeneration | 3 | 300 |
| Mechanical Critter | 2 | 100 |
| Staff of Sanctuary | 1 | 250 |
| Orb of Fire | 1 | 325 |
| Lesser Clarity Potion | 1 | 70 |
| Potion of Healing | 1 | 150 |
| Scroll of Town Portal | 1 | 350 |
| total: | 10 | 1545g |
| Peasant | 10 | 750 | / | 0 |
| Footman | 16 | 2160 | / | 0 |
| Sorceress | 3 | 465 | / | 60 |
| Knight | 3 | 735 | / | 180 |
| Gryphon Rider | 9 | 2520 | / | 630 |
| Spell Breaker | 1 | 215 | / | 30 |
| Flying Machine | 9 | 900 | / | 270 |
| Goblin Shredder | 1 | 375 | / | 100 |
| total: | 52 | 8120g | / | 1270w |
| Scout Tower | 5 | 150 | / | 100 |
| Guard Tower | 3 | 210 | / | 150 |
| Altar of Kings | 1 | 180 | / | 50 |
| Farm | 9 | 720 | / | 180 |
| Barracks | 1 | 160 | / | 60 |
| Arcane Vault | 1 | 130 | / | 30 |
| Lumber Mill | 1 | 120 | / | 0 |
| Town Hall | 2 | 770 | / | 410 |
| Blacksmith | 1 | 140 | / | 60 |
| Arcane Sanctum | 1 | 150 | / | 140 |
| Gryphon Aviary | 2 | 280 | / | 300 |
| Workshop | 3 | 420 | / | 420 |
| Keep | 1 | 320 | / | 210 |
| Castle | 1 | 360 | / | 210 |
| total: | 27 | 3220g | / | 1750w |
| 0:07 | Altar of Kings |
| 0:11 | Farm |
| 0:13 | Peasant |
| 0:13 | Peasant |
| 0:30 | Barracks |
| 0:33 | Peasant |
| 0:45 | Farm |
| 1:20 | Peasant |
| 1:20 | Peasant |
| 1:20 | Peasant |
| 1:33 | Footman |
| 1:47 | Farm |
| 1:55 | Footman |
| 2:05 | Footman |
| 2:06 | Peasant |
| 2:20 | Footman |
| 2:28 | Summon Water Elemental |
| 2:39 | Footman |
| 2:55 | Peasant |
| 2:56 | Peasant |
| 3:15 | Peasant |
| 3:45 | Brilliance Aura |
| 4:06 | Keep |
| 4:08 | Arcane Vault |
| 4:13 | Farm |
| 4:18 | Lumber Mill |
| 5:36 | Town Hall |
| 5:52 | Town Hall |
| 5:58 | Footman |
| 6:04 | Scroll of Regeneration |
| 6:04 | Scroll of Regeneration |
| 6:09 | Summon Water Elemental |
| 6:20 | Footman |
| 6:45 | Goblin Shredder |
| 6:52 | Farm |
| 6:55 | Scout Tower |
| 7:05 | Footman |
| 7:13 | Blacksmith |
| 7:18 | Arcane Sanctum |
| 7:28 | Scout Tower |
| 7:39 | Footman |
| 7:39 | Footman |
| 7:59 | Guard Tower |
| 8:01 | Scout Tower |
| 8:02 | Scout Tower |
| 8:12 | Brilliance Aura |
| 8:31 | Scout Tower |
| 8:33 | Castle |
| 8:34 | Sorceress Adept Training |
| 8:35 | Sorceress |
| 8:35 | Sorceress |
| 8:39 | Farm |
| 9:14 | Gryphon Aviary |
| 9:17 | Gryphon Aviary |
| 9:20 | Footman |
| 9:20 | Footman |
| 9:20 | Footman |
| 9:20 | Footman |
| 9:20 | Footman |
| 9:20 | Footman |
| 9:29 | Farm |
| 9:31 | Iron Forged Swords |
| 9:31 | Studded Leather Armor |
| 9:33 | Guard Tower |
| 9:47 | Farm |
| 10:12 | Breath of Fire |
| 10:28 | Iron Plating |
| 10:30 | Scroll of Regeneration |
| 10:34 | Scroll of Town Portal |
| 10:35 | Mechanical Critter |
| 10:35 | Mechanical Critter |
| 10:45 | Sorceress |
| 10:55 | Farm |
| 11:01 | Staff of Sanctuary |
| 11:07 | Knight |
| 11:09 | Gryphon Rider |
| 11:16 | Gryphon Rider |
| 11:28 | Guard Tower |
| 11:44 | Storm Hammers |
| 12:24 | Gryphon Rider |
| 12:25 | Animal War Training |
| 13:30 | Drunken Haze |
| 13:39 | Gryphon Rider |
| 13:39 | Gryphon Rider |
| 14:13 | Knight |
| 14:15 | Gryphon Rider |
| 14:45 | Summon Water Elemental |
| 15:02 | Gryphon Rider |
| 15:03 | Spell Breaker |
| 15:20 | Gryphon Rider |
| 16:05 | Reinforced Leather Armor |
| 16:05 | Steel Forged Swords |
| 16:20 | Workshop |
| 16:21 | Workshop |
| 16:52 | Improved Masonry |
| 17:52 | Flak Cannons |
| 17:52 | Flying Machine |
| 18:03 | Flying Machine |
| 18:04 | Flying Machine |
| 18:04 | Flying Machine |
| 18:04 | Flying Machine |
| 18:23 | Flying Machine |
| 18:33 | Orb of Fire |
| 18:33 | Lesser Clarity Potion |
| 18:41 | Flying Machine |
| 18:54 | Workshop |
| 18:57 | Black Gunpowder |
| 19:20 | Breath of Fire |
| 19:35 | Potion of Healing |
| 19:53 | Knight |
| 19:55 | Gryphon Rider |
| 19:57 | Flying Machine |
| 19:57 | Flying Machine |
| Right click | 478 |
| Select group | 398 |
| Select | 357 |
| Build/train/purchase | 130 |
| Assign group | 37 |
| Use ability | 20 |
| Misc. action | 12 |
| Item give/drop | 2 |
| Remove unit | 1 |



| Orb of Lightning | 1 | 375 |
| Lesser Clarity Potion | 2 | 140 |
| Healing Salve | 2 | 200 |
| Potion of Mana | 1 | 200 |
| Scroll of Town Portal | 1 | 350 |
| total: | 7 | 1265g |
| Peon | 11 | 825 | / | 0 |
| Grunt | 5 | 1000 | / | 0 |
| Tauren | 4 | 1120 | / | 320 |
| Kodo Beast | 1 | 255 | / | 60 |
| Troll Batrider | 5 | 800 | / | 200 |
| Raider | 1 | 180 | / | 40 |
| total: | 27 | 4180g | / | 620w |
| Watch Tower | 6 | 660 | / | 480 |
| Altar of Storms | 1 | 180 | / | 50 |
| Orc Burrow | 7 | 1120 | / | 280 |
| Barracks | 1 | 180 | / | 50 |
| War Mill | 2 | 410 | / | 0 |
| Great Hall | 1 | 385 | / | 185 |
| Voodoo Lounge | 2 | 260 | / | 60 |
| Tauren Totem | 2 | 270 | / | 310 |
| Beastiary | 2 | 290 | / | 280 |
| Stronghold | 1 | 315 | / | 190 |
| Fortress | 1 | 325 | / | 190 |
| total: | 24 | 3755g | / | 1695w |
| 0:06 | Peon |
| 0:06 | Peon |
| 0:06 | Peon |
| 0:06 | Peon |
| 0:17 | Altar of Storms |
| 0:34 | Orc Burrow |
| 0:42 | Peon |
| 0:52 | Barracks |
| 1:04 | Peon |
| 1:14 | Orc Burrow |
| 1:34 | Peon |
| 1:55 | Grunt |
| 2:00 | Orc Burrow |
| 2:18 | Grunt |
| 2:25 | Peon |
| 2:28 | Shockwave |
| 2:52 | Grunt |
| 2:54 | Peon |
| 3:24 | Stronghold |
| 3:45 | Endurance Aura |
| 3:58 | War Mill |
| 4:03 | Orc Burrow |
| 4:33 | Grunt |
| 4:36 | Orc Burrow |
| 5:04 | Grunt |
| 5:40 | Great Hall |
| 5:52 | Pillage |
| 6:14 | War Mill |
| 6:29 | Voodoo Lounge |
| 7:22 | Healing Wave |
| 7:38 | Fortress |
| 7:41 | Tauren Totem |
| 7:44 | Tauren Totem |
| 8:06 | Watch Tower |
| 8:07 | Watch Tower |
| 8:42 | Reinforced Defenses |
| 8:56 | Voodoo Lounge |
| 9:35 | Watch Tower |
| 10:00 | Tauren |
| 10:05 | Orb of Lightning |
| 10:23 | Peon |
| 10:23 | Peon |
| 10:45 | Watch Tower |
| 11:00 | Scroll of Town Portal |
| 11:24 | Tauren |
| 11:42 | Pulverize |
| 11:48 | Steel Armor |
| 12:10 | Endurance Aura |
| 12:22 | Spiked Barricades |
| 12:25 | Watch Tower |
| 12:53 | Tauren |
| 12:54 | Tauren |
| 13:45 | Beastiary |
| 13:57 | Hex |
| 14:02 | Lesser Clarity Potion |
| 14:06 | Healing Salve |
| 14:13 | Black Arrow |
| 14:29 | Watch Tower |
| 14:32 | Beastiary |
| 14:57 | Burning Oil |
| 15:37 | Liquid Fire |
| 15:41 | Kodo Beast |
| 15:44 | Troll Batrider |
| 15:46 | Troll Batrider |
| 15:59 | Lesser Clarity Potion |
| 16:01 | Healing Salve |
| 16:07 | Troll Batrider |
| 16:50 | Troll Batrider |
| 16:56 | Orc Burrow |
| 17:12 | Orc Burrow |
| 18:11 | Troll Batrider |
| 19:23 | Raider |
| 19:39 | Potion of Mana |
| Select | 354 |
| Misc. action | 201 |
| Build/train/purchase | 66 |
| Right click | 63 |
| Use ability | 37 |
| Esc | 6 |
| Remove unit | 2 |
| Minimap ping | 1 |



| Lesser Clarity Potion | 6 | 420 |
| Healing Salve | 3 | 300 |
| Scroll of Speed | 3 | 150 |
| Potion of Mana | 2 | 400 |
| Orb of Lightning | 1 | 375 |
| Potion of Healing | 1 | 150 |
| Scroll of Town Portal | 3 | 1050 |
| total: | 19 | 2845g |
| Peon | 13 | 975 | / | 0 |
| Troll Headhunter | 11 | 1540 | / | 220 |
| Tauren | 8 | 2240 | / | 640 |
| Shaman | 6 | 780 | / | 120 |
| Troll Berserker | 8 | 1120 | / | 160 |
| Troll Batrider | 8 | 1280 | / | 320 |
| Troll Witch Doctor | 5 | 725 | / | 125 |
| Wind Rider | 2 | 530 | / | 80 |
| total: | 61 | 9190g | / | 1665w |
| Altar of Storms | 1 | 180 | / | 50 |
| Orc Burrow | 6 | 960 | / | 240 |
| War Mill | 1 | 205 | / | 0 |
| Barracks | 1 | 180 | / | 50 |
| Great Hall | 1 | 385 | / | 185 |
| Voodoo Lounge | 2 | 260 | / | 60 |
| Spirit Lodge | 1 | 150 | / | 150 |
| Tauren Totem | 1 | 135 | / | 155 |
| Beastiary | 1 | 145 | / | 140 |
| Stronghold | 1 | 315 | / | 190 |
| Fortress | 1 | 325 | / | 190 |
| total: | 15 | 2600g | / | 1030w |
| 0:06 | Peon |
| 0:06 | Peon |
| 0:06 | Peon |
| 0:06 | Peon |
| 0:07 | Peon |
| 0:07 | Peon |
| 0:23 | Altar of Storms |
| 0:37 | Orc Burrow |
| 0:54 | War Mill |
| 1:07 | Barracks |
| 1:18 | Peon |
| 1:29 | Peon |
| 1:46 | Orc Burrow |
| 1:51 | Peon |
| 2:05 | Peon |
| 2:08 | Troll Headhunter |
| 2:23 | Troll Headhunter |
| 2:25 | Feral Spirit |
| 2:55 | Stronghold |
| 3:06 | Troll Headhunter |
| 3:30 | Troll Headhunter |
| 4:07 | Troll Headhunter |
| 4:10 | Orc Burrow |
| 4:27 | Great Hall |
| 4:44 | Troll Headhunter |
| 4:46 | Steel Ranged Weapons |
| 4:50 | Chain Lighting |
| 4:57 | Feral Spirit |
| 6:17 | Fortress |
| 6:18 | Troll Headhunter |
| 6:29 | Voodoo Lounge |
| 6:33 | Shockwave |
| 6:57 | Spirit Lodge |
| 7:00 | Reinforced Defenses |
| 7:42 | Tauren Totem |
| 7:42 | Troll Headhunter |
| 7:42 | Troll Headhunter |
| 8:10 | Troll Headhunter |
| 8:28 | Peon |
| 8:28 | Peon |
| 8:32 | Shaman Adept Training |
| 8:34 | Troll Headhunter |
| 8:56 | Lesser Clarity Potion |
| 8:56 | Healing Salve |
| 9:01 | Tauren |
| 9:21 | Healing Salve |
| 9:24 | Lesser Clarity Potion |
| 9:25 | Scroll of Speed |
| 9:28 | Scroll of Town Portal |
| 9:34 | Orc Burrow |
| 9:35 | Peon |
| 9:51 | Shaman Master Training |
| 9:51 | Shaman |
| 9:56 | Berserker Upgrade |
| 10:34 | Shaman |
| 10:35 | Tauren |
| 10:52 | Healing Wave |
| 11:14 | Troll Berserker |
| 11:15 | Shaman |
| 11:18 | Orc Burrow |
| 11:24 | Endurance Aura |
| 12:27 | Shockwave |
| 12:31 | Shaman |
| 12:32 | Witch Doctor Adept Training |
| 12:32 | Beastiary |
| 12:36 | Voodoo Lounge |
| 13:54 | Chain Lighting |
| 14:02 | Troll Batrider |
| 14:02 | Troll Batrider |
| 14:03 | Tauren |
| 14:04 | Troll Berserker |
| 14:07 | Troll Witch Doctor |
| 14:07 | Witch Doctor Master Training |
| 14:24 | Hex |
| 15:01 | Troll Batrider |
| 15:01 | Troll Batrider |
| 15:08 | Tauren |
| 15:09 | Troll Berserker |
| 15:09 | Troll Berserker |
| 15:11 | Lesser Clarity Potion |
| 15:16 | Lesser Clarity Potion |
| 15:16 | Scroll of Town Portal |
| 15:18 | Potion of Mana |
| 15:20 | Orb of Lightning |
| 15:21 | Potion of Healing |
| 15:34 | Scroll of Speed |
| 16:05 | Scroll of Town Portal |
| 16:06 | Scroll of Speed |
| 16:22 | Troll Batrider |
| 16:22 | Troll Batrider |
| 16:23 | Troll Witch Doctor |
| 16:23 | Troll Witch Doctor |
| 16:24 | Orc Burrow |
| 18:12 | Lesser Clarity Potion |
| 18:25 | Tauren |
| 18:26 | Tauren |
| 18:26 | Troll Batrider |
| 18:26 | Troll Batrider |
| 18:27 | Troll Berserker |
| 18:27 | Troll Berserker |
| 18:28 | Shaman |
| 18:28 | Troll Witch Doctor |
| 19:29 | Potion of Mana |
| 19:58 | Healing Wave |
| 20:14 | Endurance Aura |
| 20:25 | Wind Rider |
| 20:25 | Wind Rider |
| 20:25 | Troll Berserker |
| 20:26 | Troll Berserker |
| 20:26 | Tauren |
| 20:26 | Tauren |
| 20:27 | Shaman |
| 20:27 | Troll Witch Doctor |
| 20:33 | Lesser Clarity Potion |
| 20:35 | Healing Salve |
| Right click | 647 |
| Select | 410 |
| Misc. action | 187 |
| Build/train/purchase | 153 |
| Select group | 84 |
| Use ability | 57 |
| Assign group | 43 |
| Minimap ping | 11 |
| Esc | 3 |
| Item give/drop | 2 |

| Lesser Clarity Potion | 1 | 70 |
| Scroll of Town Portal | 2 | 700 |
| Healing Salve | 1 | 100 |
| total: | 4 | 870g |
| Wisp | 17 | 1020 | / | 0 |
| Archer | 5 | 650 | / | 50 |
| Huntress | 2 | 390 | / | 40 |
| Dryad | 18 | 2610 | / | 1080 |
| total: | 42 | 4670g | / | 1170w |
| Ancient Protector | 1 | 135 | / | 80 |
| Altar of Elders | 1 | 180 | / | 50 |
| Moon Well | 7 | 1260 | / | 280 |
| Ancient of War | 1 | 150 | / | 60 |
| Ancient of Wonders | 1 | 90 | / | 30 |
| Hunter's Hall | 1 | 210 | / | 100 |
| Tree of Life | 1 | 340 | / | 185 |
| Ancient of Lore | 3 | 465 | / | 435 |
| Tree of Ages | 2 | 640 | / | 360 |
| Tree of Eternity | 2 | 660 | / | 400 |
| total: | 16 | 2830g | / | 1220w |
| 0:06 | Wisp |
| 0:07 | Wisp |
| 0:07 | Wisp |
| 0:15 | Altar of Elders |
| 0:19 | Moon Well |
| 0:29 | Ancient of War |
| 0:35 | Wisp |
| 0:42 | Wisp |
| 0:58 | Wisp |
| 1:02 | Wisp |
| 1:26 | Wisp |
| 1:33 | Archer |
| 1:47 | Moon Well |
| 1:51 | Archer |
| 2:15 | Ancient of Wonders |
| 2:21 | Immolation |
| 2:24 | Wisp |
| 3:06 | Tree of Ages |
| 3:27 | Archer |
| 3:30 | Archer |
| 3:37 | Hunter's Hall |
| 4:05 | Archer |
| 4:11 | Moon Well |
| 4:29 | Evasion |
| 5:14 | Ancient Protector |
| 5:37 | Ancient of Lore |
| 5:43 | Ancient of Lore |
| 5:51 | Ancient of Lore |
| 5:53 | Wisp |
| 5:53 | Wisp |
| 5:53 | Wisp |
| 5:53 | Wisp |
| 5:53 | Wisp |
| 5:53 | Wisp |
| 5:54 | Wisp |
| 6:05 | Huntress |
| 6:18 | Moon Well |
| 6:23 | Immolation |
| 6:44 | Huntress |
| 6:47 | Wisp |
| 6:55 | Moon Well |
| 7:06 | Dryad |
| 7:08 | Abolish Magic |
| 7:35 | Dryad |
| 8:15 | Dryad |
| 8:18 | Strength of the Wild |
| 8:53 | Dryad |
| 9:23 | Dryad |
| 9:37 | Improved Strength of the Wild |
| 9:57 | Reinforced Hides |
| 10:30 | Dryad |
| 10:39 | Mana Burn |
| 10:49 | Moon Well |
| 10:53 | Moon Well |
| 11:47 | Dryad |
| 12:12 | Tree of Eternity |
| 12:45 | Improved Reinforced Hides |
| 13:25 | Immolation |
| 13:44 | Tree of Life |
| 14:22 | Dryad |
| 15:01 | Dryad |
| 15:12 | Advanced Strength of the Wild |
| 15:25 | Dryad |
| 15:46 | Dryad |
| 16:09 | Dryad |
| 16:29 | Dryad |
| 16:48 | Advanced Reinforced Hides |
| 17:15 | Scroll of Town Portal |
| 17:46 | Dryad |
| 18:04 | Dryad |
| 18:13 | Dryad |
| 18:44 | Scroll of Town Portal |
| 19:14 | Dryad |
| 19:33 | Ultravision |
| 20:09 | Dryad |
| 20:32 | Lesser Clarity Potion |
| 20:38 | Healing Salve |
| Right click | 1244 |
| Select | 354 |
| Select group | 178 |
| Build/train/purchase | 95 |
| Assign group | 16 |
| Use ability | 11 |
| Item give/drop | 2 |
| Remove unit | 2 |
| Misc. action | 1 |
142 units @ 22k
/ 3.3k
62 buildings @ 11.1k
/ 4.5k


| Healing Salve | 1 | 100 |
| Scroll of Speed | 1 | 50 |
| total: | 2 | 150g |
| Peon | 9 | 675 | / | 0 |
| Grunt | 6 | 1200 | / | 0 |
| Wind Rider | 12 | 3180 | / | 480 |
| Troll Batrider | 3 | 480 | / | 120 |
| total: | 30 | 5535g | / | 600w |
| Watch Tower | 1 | 110 | / | 80 |
| Altar of Storms | 1 | 180 | / | 50 |
| Orc Burrow | 6 | 960 | / | 240 |
| Barracks | 1 | 180 | / | 50 |
| Voodoo Lounge | 1 | 130 | / | 30 |
| War Mill | 1 | 205 | / | 0 |
| Great Hall | 2 | 770 | / | 370 |
| Beastiary | 2 | 290 | / | 280 |
| Stronghold | 1 | 315 | / | 190 |
| total: | 15 | 2825g | / | 1100w |
| 0:04 | Peon |
| 0:04 | Peon |
| 0:13 | Altar of Storms |
| 0:16 | Orc Burrow |
| 0:33 | Barracks |
| 0:45 | Peon |
| 0:46 | Peon |
| 0:59 | Peon |
| 1:35 | Orc Burrow |
| 1:36 | Grunt |
| 1:55 | Grunt |
| 2:18 | Voodoo Lounge |
| 2:22 | Serpent Ward |
| 3:18 | Grunt |
| 3:33 | Grunt |
| 3:35 | Peon |
| 3:35 | Peon |
| 3:35 | Peon |
| 3:58 | Grunt |
| 4:05 | Orc Burrow |
| 4:25 | Stronghold |
| 4:56 | War Mill |
| 5:14 | Grunt |
| 5:17 | Orc Burrow |
| 5:56 | Hex |
| 6:14 | Steel Armor |
| 6:15 | Steel Ranged Weapons |
| 6:15 | Spiked Barricades |
| 6:24 | Watch Tower |
| 6:51 | Beastiary |
| 6:54 | Beastiary |
| 7:16 | Reinforced Defenses |
| 7:21 | Healing Salve |
| 8:07 | Wind Rider |
| 8:42 | Chain Lighting |
| 8:55 | Serpent Ward |
| 8:59 | Wind Rider |
| 9:05 | Orc Burrow |
| 9:06 | Peon |
| 9:12 | Thorium Ranged Weapons |
| 10:03 | Scroll of Speed |
| 10:07 | Wind Rider |
| 10:35 | Great Hall |
| 11:27 | Wind Rider |
| 11:54 | Orc Burrow |
| 12:16 | Wind Rider |
| 13:10 | Feral Spirit |
| 13:17 | Wind Rider |
| 13:33 | Wind Rider |
| 13:57 | Wind Rider |
| 14:21 | Wind Rider |
| 15:50 | Troll Batrider |
| 16:23 | Troll Batrider |
| 16:55 | Troll Batrider |
| 17:21 | Chain Lighting |
| 18:11 | Wind Rider |
| 18:38 | Feral Spirit |
| 18:54 | Great Hall |
| 19:35 | Healing Wave |
| 19:42 | Wind Rider |
| 20:22 | Wind Rider |
| Right click | 288 |
| Select | 223 |
| Build/train/purchase | 58 |
| Select group | 57 |
| Use ability | 36 |
| Assign group | 15 |
| Misc. action | 7 |
| Minimap ping | 3 |
| Item give/drop | 2 |
| Remove unit | 1 |


| Rod of Necromancy | 3 | 450 |
| Potion of Healing | 3 | 450 |
| Potion of Mana | 2 | 400 |
| Orb of Corruption | 1 | 375 |
| Scroll of Healing | 2 | 500 |
| Scroll of Town Portal | 1 | 350 |
| Orb of Venom | 1 | 325 |
| Claws of Attack +9 | 1 | 300 |
| Claws of Attack +6 | 1 | 125 |
| total: | 15 | 3275g |
| Acolyte | 8 | 600 | / | 0 |
| Ghoul | 3 | 360 | / | 0 |
| Crypt Fiend | 9 | 1935 | / | 360 |
| Obsidian Statue | 3 | 600 | / | 105 |
| Frost Wyrm | 5 | 1925 | / | 600 |
| total: | 28 | 5420g | / | 1065w |
| Nerubian Tower | 1 | 100 | / | 20 |
| Spirit Tower | 2 | 290 | / | 80 |
| Crypt | 2 | 400 | / | 100 |
| Altar of Darkness | 1 | 180 | / | 50 |
| Ziggurat | 6 | 900 | / | 300 |
| Tomb of Relics | 1 | 130 | / | 30 |
| Graveyard | 1 | 215 | / | 0 |
| Necropolis | 1 | 225 | / | 0 |
| Slaughterhouse | 1 | 140 | / | 135 |
| Boneyard | 1 | 175 | / | 200 |
| Halls of the Dead | 1 | 320 | / | 210 |
| Black Citadel | 1 | 325 | / | 230 |
| total: | 14 | 2365g | / | 815w |
| 0:05 | Acolyte |
| 0:05 | Acolyte |
| 0:07 | Crypt |
| 0:12 | Altar of Darkness |
| 0:26 | Ziggurat |
| 0:36 | Acolyte |
| 1:05 | Tomb of Relics |
| 1:11 | Ghoul |
| 1:28 | Graveyard |
| 1:42 | Ghoul |
| 1:55 | Ghoul |
| 2:15 | Rod of Necromancy |
| 2:16 | Death Coil |
| 2:40 | Ziggurat |
| 2:41 | Acolyte |
| 3:21 | Unholy Aura |
| 3:30 | Acolyte |
| 3:48 | Rod of Necromancy |
| 4:00 | Necropolis |
| 4:30 | Halls of the Dead |
| 4:30 | Crypt Fiend |
| 5:03 | Crypt Fiend |
| 5:06 | Rod of Necromancy |
| 5:19 | Nerubian Tower |
| 5:43 | Ziggurat |
| 5:44 | Acolyte |
| 5:44 | Acolyte |
| 5:45 | Acolyte |
| 6:18 | Crypt Fiend |
| 6:20 | Ziggurat |
| 6:22 | Crypt |
| 6:55 | Spirit Tower |
| 7:24 | Black Citadel |
| 7:33 | Spirit Tower |
| 7:38 | Slaughterhouse |
| 8:04 | Crypt Fiend |
| 8:04 | Web |
| 8:27 | Death Coil |
| 8:36 | Potion of Healing |
| 8:36 | Potion of Mana |
| 8:44 | Obsidian Statue |
| 8:47 | Creature Attack |
| 8:47 | Creature Carapace |
| 8:55 | Frost Nova |
| 9:33 | Obsidian Statue |
| 9:48 | Claws of Attack +9 |
| 9:53 | Claws of Attack +6 |
| 10:18 | Crypt Fiend |
| 10:26 | Boneyard |
| 10:28 | Dark Ritual |
| 11:13 | Destroyer Form |
| 11:18 | Ziggurat |
| 11:29 | Orb of Venom |
| 11:53 | Ziggurat |
| 12:00 | Improved Creature Attack |
| 12:00 | Improved Creature Carapace |
| 12:10 | Frost Wyrm |
| 12:14 | Orb of Corruption |
| 12:16 | Scroll of Healing |
| 12:19 | Potion of Mana |
| 12:20 | Potion of Healing |
| 12:20 | Scroll of Healing |
| 12:44 | Frost Wyrm |
| 13:14 | Death Pact |
| 13:21 | Crypt Fiend |
| 13:38 | Frost Nova |
| 14:04 | Scroll of Town Portal |
| 14:04 | Potion of Healing |
| 15:20 | Obsidian Statue |
| 15:22 | Advanced Creature Attack |
| 16:20 | Crypt Fiend |
| 17:43 | Death Coil |
| 17:48 | Dark Ritual |
| 17:56 | Frost Wyrm |
| 18:16 | Crypt Fiend |
| 18:55 | Frost Wyrm |
| 19:46 | Frost Nova |
| 20:27 | Crypt Fiend |
| 20:28 | Frost Wyrm |
| 20:53 | Unholy Aura |
| Right click | 1075 |
| Select group | 874 |
| Select | 357 |
| Misc. action | 136 |
| Build/train/purchase | 96 |
| Use ability | 67 |
| Assign group | 53 |
| Chat | 3 |
| Item give/drop | 2 |
| Remove unit | 1 |


| Lesser Clarity Potion | 2 | 140 |
| Staff of Preservation | 1 | 150 |
| Scroll of Town Portal | 3 | 1050 |
| Healing Salve | 1 | 100 |
| Talisman of Evasion | 1 | 300 |
| total: | 8 | 1740g |
| Wisp | 21 | 1260 | / | 0 |
| Archer | 3 | 390 | / | 30 |
| Dryad | 4 | 580 | / | 240 |
| Mountain Giant | 5 | 1750 | / | 500 |
| Druid of the Talon | 2 | 290 | / | 40 |
| Druid of the Claw | 3 | 765 | / | 240 |
| Goblin Shredder | 1 | 375 | / | 100 |
| Forest Troll Berserker | 1 | 245 | / | 30 |
| total: | 40 | 5655g | / | 1180w |
| Ancient Protector | 4 | 540 | / | 320 |
| Altar of Elders | 1 | 180 | / | 50 |
| Moon Well | 7 | 1260 | / | 280 |
| Ancient of War | 2 | 300 | / | 120 |
| Hunter's Hall | 1 | 210 | / | 100 |
| Tree of Life | 3 | 1020 | / | 555 |
| Ancient of Wonders | 1 | 90 | / | 30 |
| Ancient of Lore | 2 | 310 | / | 290 |
| Ancient of Wind | 2 | 300 | / | 280 |
| Tree of Ages | 1 | 320 | / | 180 |
| Tree of Eternity | 1 | 330 | / | 200 |
| total: | 23 | 4210g | / | 2025w |
| 0:02 | Wisp |
| 0:06 | Altar of Elders |
| 0:10 | Moon Well |
| 0:15 | Wisp |
| 0:20 | Wisp |
| 0:31 | Wisp |
| 0:46 | Wisp |
| 0:46 | Wisp |
| 0:54 | Ancient of War |
| 0:56 | Wisp |
| 1:19 | Wisp |
| 1:27 | Moon Well |
| 1:41 | Wisp |
| 1:48 | Moon Well |
| 1:55 | Archer |
| 2:06 | Immolation |
| 2:20 | Wisp |
| 2:20 | Wisp |
| 2:21 | Archer |
| 3:16 | Tree of Ages |
| 3:19 | Hunter's Hall |
| 3:48 | Mana Burn |
| 3:54 | Tree of Life |
| 4:19 | Moon Well |
| 4:43 | Archer |
| 4:54 | Ancient Protector |
| 5:06 | Ancient of Wonders |
| 5:09 | Mana Burn |
| 5:32 | Ancient Protector |
| 6:00 | Tree of Life |
| 6:05 | Breath of Fire |
| 6:08 | Tree of Life |
| 6:11 | Ancient Protector |
| 6:35 | Ancient of Lore |
| 6:37 | Wisp |
| 6:37 | Wisp |
| 6:37 | Wisp |
| 6:59 | Ancient of Lore |
| 7:33 | Wisp |
| 7:34 | Wisp |
| 8:03 | Dryad |
| 8:04 | Dryad |
| 8:30 | Dryad |
| 8:49 | Tree of Eternity |
| 8:54 | Forest Troll Berserker |
| 9:18 | Wisp |
| 9:18 | Wisp |
| 9:18 | Wisp |
| 9:38 | Talisman of Evasion |
| 9:55 | Mountain Giant |
| 10:05 | Evasion |
| 10:20 | Drunken Haze |
| 10:23 | Abolish Magic |
| 10:28 | Breath of Fire |
| 10:33 | Wisp |
| 10:36 | Mountain Giant |
| 11:02 | Ancient of Wind |
| 11:03 | Ancient of Wind |
| 11:08 | Ultravision |
| 11:08 | Reinforced Hides |
| 11:51 | Lesser Clarity Potion |
| 11:54 | Staff of Preservation |
| 11:57 | Hardened Skin |
| 11:57 | Resistant Skin |
| 12:04 | Strength of the Wild |
| 12:08 | Wisp |
| 12:25 | Moon Well |
| 12:27 | Ancient Protector |
| 12:46 | Goblin Shredder |
| 13:55 | Dryad |
| 13:58 | Scroll of Town Portal |
| 14:01 | Lesser Clarity Potion |
| 14:11 | Mountain Giant |
| 14:58 | Drunken Haze |
| 15:04 | Mountain Giant |
| 15:08 | Scroll of Town Portal |
| 15:10 | Healing Salve |
| 15:25 | Mana Burn |
| 15:28 | Ancient of War |
| 15:31 | Nature's Blessing |
| 15:49 | Well Spring |
| 15:52 | Improved Reinforced Hides |
| 16:14 | Druid of the Talon Adept Training |
| 16:26 | Moon Well |
| 16:35 | Scroll of Town Portal |
| 16:55 | Druid of the Talon |
| 16:55 | Druid of the Talon |
| 17:53 | Breath of Fire |
| 17:59 | Druid of the Claw Adept Training |
| 17:59 | Druid of the Claw |
| 18:01 | Moon Well |
| 18:02 | Advanced Reinforced Hides |
| 18:43 | Druid of the Claw Master Training |
| 19:32 | Metamorphosis |
| 19:51 | Druid of the Claw |
| 20:51 | Druid of the Claw |
| 20:52 | Mountain Giant |
| Right click | 1637 |
| Select group | 1456 |
| Select | 780 |
| Use ability | 126 |
| Build/train/purchase | 116 |
| Misc. action | 62 |
| Assign group | 52 |
| Chat | 13 |
| Item give/drop | 8 |
| Minimap ping | 8 |
| Remove unit | 5 |


| Wisp | 11 | 660 | / | 0 |
| Archer | 18 | 2340 | / | 180 |
| Hippogryph | 13 | 2080 | / | 260 |
| Druid of the Talon | 2 | 290 | / | 40 |
| total: | 44 | 5370g | / | 480w |
| Moon Well | 5 | 900 | / | 200 |
| Altar of Elders | 1 | 180 | / | 50 |
| Ancient of War | 1 | 150 | / | 60 |
| Hunter's Hall | 1 | 210 | / | 100 |
| Ancient of Wonders | 1 | 90 | / | 30 |
| Ancient of Wind | 1 | 150 | / | 140 |
| Tree of Ages | 1 | 320 | / | 180 |
| Tree of Eternity | 1 | 330 | / | 200 |
| total: | 10 | 1680g | / | 580w |
| 0:03 | Wisp |
| 0:04 | Wisp |
| 0:04 | Wisp |
| 0:19 | Moon Well |
| 0:25 | Wisp |
| 0:37 | Altar of Elders |
| 0:44 | Wisp |
| 0:45 | Wisp |
| 1:02 | Wisp |
| 1:18 | Moon Well |
| 1:24 | Ancient of War |
| 1:32 | Wisp |
| 1:32 | Wisp |
| 1:32 | Wisp |
| 1:35 | Wisp |
| 2:24 | Tree of Ages |
| 2:26 | Archer |
| 2:29 | Archer |
| 3:00 | Force of Nature |
| 3:32 | Archer |
| 3:32 | Archer |
| 3:32 | Archer |
| 3:32 | Archer |
| 4:24 | Hunter's Hall |
| 4:44 | Entangling Roots |
| 4:47 | Improved Bows |
| 4:52 | Moon Well |
| 4:57 | Archer |
| 4:57 | Archer |
| 5:32 | Strength of the Moon |
| 5:32 | Moon Armor |
| 5:36 | Tree of Eternity |
| 6:56 | Archer |
| 6:56 | Archer |
| 7:42 | Ancient of Wind |
| 8:24 | Trueshot Aura |
| 9:32 | Hippogryph |
| 9:32 | Hippogryph |
| 9:32 | Hippogryph |
| 9:34 | Marksmanship |
| 9:48 | Archer |
| 9:53 | Moon Well |
| 9:59 | Hippogryph |
| 10:19 | Archer |
| 10:37 | Entangling Roots |
| 11:05 | Ancient of Wonders |
| 11:10 | Well Spring |
| 11:10 | Ultravision |
| 11:20 | Hippogryph |
| 11:20 | Hippogryph |
| 11:23 | Archer |
| 12:01 | Scout |
| 12:18 | Hippogryph |
| 12:18 | Hippogryph |
| 12:21 | Moon Well |
| 13:51 | Trueshot Aura |
| 14:07 | Force of Nature |
| 16:55 | Druid of the Talon Adept Training |
| 16:56 | Druid of the Talon |
| 16:56 | Druid of the Talon |
| 17:53 | Entangling Roots |
| 19:16 | Archer |
| 19:16 | Archer |
| 19:16 | Archer |
| 19:17 | Archer |
| 19:17 | Archer |
| 19:19 | Hippogryph |
| 19:19 | Hippogryph |
| 19:19 | Hippogryph |
| 19:19 | Hippogryph |
| 19:20 | Hippogryph |
| 19:21 | Druid of the Talon Master Training |
| 19:24 | Improved Strength of the Moon |
| 19:24 | Improved Moon Armor |
| 20:34 | Scout |
| Right click | 336 |
| Select | 141 |
| Build/train/purchase | 70 |
| Use ability | 25 |
| Remove unit | 2 |
⇛